[Event "4th Tata Steel India Blitz Open 2022"]
[Site "Kolkota"]
[Date "2022.12.03"]
[Round "4.2"]
[White "Nakamura, Hikaru"]
[Black "Mamedyarov, Shakhriyar"]
[Result "1/2-1/2"]
[ECO "A05"]
[WhiteElo "2768"]
[BlackElo "2741"]
[Annotator "TA"]
[PlyCount "56"]
[EventDate "2022.11.29"]
[EventType "tourn"]
[EventCountry "IND"]
[SourceTitle "playchess.com"]
[Source "ChessBase"]
[SourceQuality "1"]
[TimeControl "180+2"]

1. Nf3 Nf6 2. e3 g6 3. b4 (3. d4 Bg7 4. c4 O-O 5. Be2 d6 6. O-O Bf5 7. b3 e5 8. Bb2 Nc6 9. Nbd2 exd4 10. Nxd4 Nxd4 11. Bxd4 c6 12. Qc1 Nd7 13. Nf3 Ne5 14. Rd1 {½-½ (93) Nakamura,H (2768)-Mamedyarov,S (2758) Saint Louis 2022}) 3... e6 4. a3 a5 5. b5 Bg7 6. Bb2 {[%emt 0:00:01] A05: Réti Opening: 1 Nf3 Nf6.} O-O 7. c4 {[%emt 0:00:00] [#]} d5 $146 ({Predecessor:} 7... c5 8. Nc3 d5 9. Na4 Nbd7 10. Rc1 Qe7 11. Qb3 dxc4 12. Bxc4 b6 13. Ne5 Bb7 14. Nxd7 Nxd7 15. Bxg7 Kxg7 {0-1 (82) Philippe,G (2357)-Lagarde,M (2607) Nimes 2018}) 8. cxd5 {[%emt 0:00:06] White has an edge.} exd5 9. Be2 c5 10. bxc6 bxc6 11. O-O c5 12. d3 Ba6 13. Nc3 (13. Qc2 $5 ) 13... d4 14. Na4 dxe3 $1 15. fxe3 Nbd7 16. e4 c4 17. Re1 (17. dxc4 {is interesting.} Rb8 18. Rb1 Re8 19. c5) 17... Rb8 {[%emt 0:00:04][%cal Ob8b2] Hoping for ...Rxb2!} 18. Bd4 cxd3 19. Bxd3 Bxd3 20. Qxd3 Ng4 {[%emt 0:00:20] Threatens to win with ...Nde5.} 21. Rad1 (21. Bxg7 $11 Kxg7 22. Rad1) 21... Nde5 $15 22. Nxe5 Bxe5 23. h3 {[%emt 0:00:04] [#]} (23. Bxe5 $15 Qxd3 24. Rxd3 Nxe5 25. Rd5) 23... Bxd4+ ({Black should play} 23... Rb3 $1 $17 24. Qc4 (24. Qxb3 Bxd4+ 25. Rxd4 Qxd4+ 26. Kh1 Nf2+ 27. Kh2 Nxe4 $17) 24... Bxd4+ 25. Qxd4 Qxd4+ 26. Rxd4 Ne3) 24. Qxd4 $11 {[%emt 0:00:01] The position is equal.} Qxd4+ 25. Rxd4 Ne5 26. Rd5 Nc4 27. Nc5 Nb6 {[%emt 0:00:13] Against Nd7} 28. Rd6 Rfc8 {[%emt 0:00:02] Weighted Error Value: White=0.13 (very precise) /Black=0.10 (very precise)} 1/2-1/2

[Event "4th Tata Steel India Blitz Open 2022"]
[Site "Kolkota"]
[Date "2022.12.03"]
[Round "4.4"]
[White "Nihal Sarin"]
[Black "Gukesh D"]
[Result "0-1"]
[ECO "A06"]
[WhiteElo "2670"]
[BlackElo "2725"]
[Annotator "TA"]
[PlyCount "58"]
[EventDate "2022.11.29"]
[EventType "tourn"]
[EventCountry "IND"]
[SourceTitle "playchess.com"]
[Source "ChessBase"]
[SourceQuality "1"]
[TimeControl "180+2"]

1. Nf3 c5 2. e3 d5 3. b3 Nc6 4. Bb2 a6 5. d4 Nf6 6. Nbd2 {[%emt 0:00:04] A06: Réti Opening: 1 Nf3 d5.} cxd4 $1 {[%emt 0:00:03][%mdl 4] is currently scoring better than 6...Bg4.} 7. Nxd4 e6 8. Be2 {[%emt 0:00:03] The position is equal.} Bd6 9. O-O O-O 10. c4 Nxd4 11. Bxd4 {[%emt 0:00:02] [#]} e5 $146 ({Predecessor:} 11... Qe7 12. Bxf6 Qxf6 13. cxd5 exd5 14. Nf3 Rd8 15. Rc1 Ba3 16. Rc2 Bf5 17. Bd3 Be4 {1-0 (58) Mogstad,O (2073)-Brzezinski,B (1878) ICCF email 2013}) 12. Bb2 Be6 13. cxd5 Bxd5 14. Nc4 Re8 15. Nxd6 Qxd6 16. Qd2 Qe6 17. Rfd1 h6 18. Rac1 Rac8 19. h3 (19. Rxc8 {simplifies} Rxc8 20. f3 Qe8 21. Bf1) 19... Qf5 20. Bg4 (20. f3 $14 {deserves consideration.} Rxc1 21. Rxc1 (21. Qxc1 Rc8 $11)) 20... Qg6 $1 $11 {[%emt 0:00:07][%cal Oh6h5] Hoping for ...h5!} 21. Rxc8 Rxc8 22. Bxe5 {[%emt 0:00:13] A strong pair of Bishops.} Rc2 $40 {[%emt 0:00:37][%mdl 128] White needs to defend precisely.} 23. Qd4 {[%emt 0:00:13] [#] aiming for Bxf6.} Nxg4 24. hxg4 Be6 25. f3 Rxa2 26. Rc1 {[%emt 0:00:19] Inhibits Qc2.} ({Much worse is} 26. Qd8+ Kh7 $15) (26. e4 $11) 26... Kh7 $15 27. Qf4 (27. Rc7 $15) 27... Qd3 $17 28. Bd4 $2 (28. Kh1 $17) 28... Qd2 $19 {[%emt 0:00:03][%csl Ga2][%cal Rd2g2] [#]} ({Worse is} 28... Qxb3 29. Qe4+ (29. Qe5 f6 $11) 29... Kg8 30. Qe5 $11) 29. Qe4+ g6 {[%emt 0:00:01] Weighted Error Value: White=0.69/Black=0.04 (flawless)} 0-1

[Event "4th Tata Steel India Blitz Open 2022"]
[Site "Kolkota"]
[Date "2022.12.03"]
[Round "4.5"]
[White "Erigaisi Arjun"]
[Black "Rameshbabu, Praggnanandhaa"]
[Result "1-0"]
[ECO "E20"]
[WhiteElo "2718"]
[BlackElo "2678"]
[Annotator "TA"]
[PlyCount "95"]
[EventDate "2022.11.29"]
[EventType "tourn"]
[EventCountry "IND"]
[SourceTitle "playchess.com"]
[Source "ChessBase"]
[SourceQuality "1"]
[TimeControl "180+2"]

1. d4 Nf6 2. c4 e6 3. Nc3 Bb4 4. f3 c5 5. d5 O-O 6. e4 d6 7. Nge2 b5 8. Ng3 {[%emt 0:00:04] E20: Nimzo-Indian: 4 g3 and 4 f3.} (8. cxb5 exd5 9. exd5 Re8 $15) 8... Re8 9. Bf4 (9. cxb5 exd5 10. Be2 d4 $15) 9... exd5 10. cxd5 {[%emt 0:00:02] White has an edge.} (10. cxb5 $2 dxe4 11. Be2 exf3 12. gxf3 d5 $19) 10... c4 11. Be2 Nbd7 {[%emt 0:00:03] [#]} 12. O-O $146 ({Predecessor:} 12. a4 bxa4 13. O-O a3 14. Na4 Ne5 15. bxa3 Ba5 16. Kh1 Rb8 17. Ra2 Bd7 18. Bxe5 dxe5 19. Bxc4 {½-½ (37) Lupini,S (2391)-Zemlyanov,S (2381) ICCF email 2019}) 12... h5 13. a4 (13. Nf5 $11) 13... bxa4 (13... h4 $15 {keeps the upper hand.} 14. Nf5 Bc5+ 15. Be3 Qb6) 14. Nxa4 (14. Rxa4 Bc5+ 15. Kh1 h4 $15) (14. Bxc4 a3 15. Na4 axb2 16. Nxb2 h4 $11) 14... Nb6 (14... h4 $1 $14) 15. Bg5 $16 Nxa4 16. Qxa4 (16. Rxa4 $142 Qb6+ 17. Kh1) 16... Qb6+ 17. Kh1 {[%emt 0:00:02] Active counter play!} Bd7 18. Qc2 Nh7 19. Bd2 h4 20. Nh5 Reb8 21. Rab1 (21. Bxb4 $14 Qxb4 22. Rfb1 (22. Qxc4 Qxc4 23. Bxc4 Rxb2 $11) (22. Bxc4 Qxb2 23. Qxb2 Rxb2 $11)) 21... Qd4 $36 {[%emt 0:00:09][%mdl 2048] Black is pushing.} 22. Bc3 (22. Qxc4 $2 Qxd2 23. e5 dxe5 $19) (22. Bc1 $11 {keeps the balance.}) 22... Bxc3 $17 23. bxc3 Qe3 24. Rbe1 g6 {[%emt 0:00:36] Inhibits f4.} 25. f4 Qb6 (25... gxh5 $6 26. Bg4 $11) 26. Bxc4 gxh5 (26... Bg4 $1 $17 27. Be2 (27. Rb1 $2 Qc5 $19) 27... Bxh5 28. Bxh5 gxh5) 27. e5 $15 Qb2 28. Qe4 Qxc3 {[%emt 0:00:05] And now ...Rb4 would win.} 29. Bd3 $1 Nf8 30. Qf3 (30. Rc1 $15 Qb4 31. Rc4) 30... Rb3 $19 31. Re3 {[%emt 0:00:01][%cal Od3h7] aiming for Bh7+!} Bg4 $1 32. Qf2 (32. Bh7+ {was forced.} Nxh7 33. Rxc3 Bxf3 34. Rxb3 Bxd5 35. Ra3) 32... Qb2 33. Qxh4 {[%emt 0:00:03] [#] Strongly threatening Qg5+.} Rxd3 $1 34. Rxd3 $15 {[%emt 0:00:01] Black must now prevent Qg5+.} Qe2 (34... Ng6 $5 35. Qe1 Qe2 $15) 35. Rdd1 {[%emt 0:00:02] h3 is the strong threat.} dxe5 $2 (35... Ng6 $11 36. Qg5 Qe4) 36. Rde1 $2 (36. Qg5+ $18 Kh8 37. Qf6+ (37. Qxe5+ $2 {loses.} Qxe5 38. fxe5 Bxd1 $19) (37. fxe5 Nh7 $18) 37... Kg8 38. fxe5 (38. Qxe5 $2 Qxe5 39. fxe5 Bxd1 $19)) 36... Qd3 (36... Ng6 $15 37. Rxe2 Nxh4) 37. h3 $14 Bf5 (37... Ng6 $14 38. Qg5 exf4) 38. fxe5 $18 ({Much less strong is} 38. Qxh5 $6 exf4 39. Rxf4 Bg6 $16) 38... Bg6 39. e6 Qxd5 {[%emt 0:00:02] [#]} 40. exf7+ ({Better is} 40. e7 $1 $18 Ne6 41. Qa4) 40... Kh7 $2 (40... Bxf7 $16 41. Qg3+ Ng6) 41. Re8 $1 Qb5 {[%emt 0:00:02] Prevents Qb4.} 42. Qe1 (42. Rfe1 $142 Rxe8 43. fxe8=N Bxe8 44. Qe7+ Kg8 45. Qxe8 Qxe8 46. Rxe8) 42... Rb8 {[%emt 0:00:03] [#]} 43. Rf3 $2 {[%emt 0:00:02] Chess con chili.} ({But not} 43. Rf6 Qb1 44. Rf1 Qxe1 45. Rfxe1 Rb7 46. Rxf8 Bxf7 $18) (43. Kh2 $1 $18) 43... a5 $2 (43... Qb1 $11) 44. Qe7 {[%emt 0:00:02] White is clearly winning.} Qb1+ 45. Kh2 Qe4 46. Qxe4 Bxe4 47. Rxb8 Bxf3 48. Rxf8 {[%emt 0:00:02] Weighted Error Value: White=0.55/Black=0.41} 1-0

[Event "4th Tata Steel India Blitz Open 2022"]
[Site "Kolkota"]
[Date "2022.12.03"]
[Round "5.3"]
[White "Rameshbabu, Praggnanandhaa"]
[Black "Nihal Sarin"]
[Result "0-1"]
[ECO "A11"]
[WhiteElo "2678"]
[BlackElo "2670"]
[Annotator "TA"]
[PlyCount "88"]
[EventDate "2022.11.29"]
[EventType "tourn"]
[EventCountry "IND"]
[SourceTitle "playchess.com"]
[Source "ChessBase"]
[SourceQuality "1"]
[TimeControl "180+2"]

1. Nf3 Nf6 2. g3 g6 3. Bg2 Bg7 4. O-O O-O 5. c4 c6 6. d3 d5 7. Qc2 {[%emt 0:00:01] 7.Nc3 gains popularity.} Re8 8. Bf4 {[%emt 0:00:06] Inhibits e5. A11: English Opening: 1...c6.} Nbd7 9. cxd5 Nxd5 10. Bd2 {[%emt 0:00:06] The position is equal.} e5 11. Nc3 N7f6 12. a3 {[%emt 0:00:05] [#]} a5 $146 ({Predecessor:} 12... Qe7 13. Rac1 Nxc3 14. Bxc3 Nd5 15. Bd2 h6 16. b4 a6 17. e4 Nc7 18. Bc3 Nb5 {0-1 (32) Sinanovic,M (2386)-Loncar,R (2446) Sibenik 2008}) 13. Rad1 h6 (13... Nxc3 $15 14. Bxc3 Nd5) 14. h3 Nc7 (14... Nxc3 $11 15. Bxc3 Nd5) 15. e4 (15. Qc1 $5 ) 15... c5 16. Na4 Ne6 17. Nxc5 Nxc5 18. Qxc5 b6 (18... Bd7 $142) 19. Qe3 Nd7 20. Bc3 Bb7 21. Rfe1 Nc5 {[%emt 0:00:02] [#]} (21... Qc7 $16 {was called for.} 22. d4 exd4 23. Nxd4 Qc5) 22. b4 (22. Bxe5 $1 $18 {[%mdl 512] has better winning chances.} Bxe5 23. d4 (23. Qxh6 $2 Bg7 $19)) 22... Na4 23. Ba1 axb4 24. axb4 Qd6 25. Rb1 Rac8 26. d4 exd4 27. Nxd4 Rc4 $2 {[%emt 0:00:19] [#]} (27... Rcd8 $16) 28. Qb3 $18 Rxd4 29. Bxd4 ({Not} 29. Qxa4 Bc6 30. Qb3 Rd3 $14) 29... Bxd4 30. Qxa4 b5 (30... Qe5 $142 31. Rbc1 b5) 31. Qxb5 Bc6 32. e5 $4 (32. Qc4 $18 Qf6 33. Re2) 32... Bxf2+ $19 {[%emt 0:00:03] A strong pair of Bishops.} ({Less strong is} 32... Bxe5 33. Qxc6 Qb8 34. b5 $18) 33. Kh2 Bxb5 34. exd6 Rxe1 35. Rxe1 Bxe1 36. Bf1 Bd7 (36... Bxf1 $2 37. d7 Bxb4 38. d8=Q+ (38. d8=B $2 {too greedy.} Kg7 $19) 38... Bf8 39. Qc8 $18) 37. b5 Bb4 38. b6 Bxd6 39. b7 Bc6 40. Bg2 Bxg2 {[%emt 0:00:02] Black mates.} 41. Kxg2 f5 42. Kf3 Kf7 43. g4 Ke6 44. h4 h5 {[%emt 0:00:02] Never resign too early!   Weighted Error Value: White=0.76/Black=0.26 (precise)} 0-1

[Event "4th Tata Steel India Blitz Open 2022"]
[Site "Kolkota"]
[Date "2022.12.03"]
[Round "5.5"]
[White "Gukesh D"]
[Black "Abdusattorov, Nodirbek"]
[Result "1-0"]
[ECO "D02"]
[WhiteElo "2725"]
[BlackElo "2713"]
[Annotator "TA"]
[PlyCount "58"]
[EventDate "2022.11.29"]
[EventType "tourn"]
[EventCountry "IND"]
[SourceTitle "playchess.com"]
[Source "ChessBase"]
[SourceQuality "1"]
[TimeControl "180+2"]

1. Nf3 d5 2. g3 Nf6 3. Bg2 c5 4. O-O Nc6 5. d4 cxd4 6. Nxd4 e5 7. Nxc6 bxc6 8. c4 Rb8 {[%emt 0:00:01] D02: 1 d4 d5 2 Nf3 sidelines, including 2...Nf6 3 g3 and 2...Nf6 3 Bf4.} (8... dxc4 9. Bxc6+ Bd7 10. Bxa8 Qxa8 11. Be3 $16) 9. Bg5 Be7 10. Nc3 (10. Bxf6 {is interesting.} Bxf6 11. cxd5 cxd5 12. Bxd5 Rxb2 13. Qa4+) 10... O-O {[%emt 0:00:24] White is slightly better.} 11. Bxf6 Bxf6 12. cxd5 cxd5 13. Nxd5 Rxb2 14. Qa4 {[%emt 0:00:08] [#]} Rxe2 $146 ({Predecessor:} 14... Be6 15. Nxf6+ Qxf6 16. Qxa7 Rxe2 17. a4 e4 18. Rae1 Bc4 19. Rxe2 Bxe2 20. Re1 Bf3 21. Bxf3 exf3 {½-½ (43) Webersberger,J (2362)-Ivanisevic,I (2656) Warsaw 2016}) 15. Rad1 Bg5 ({Black should try} 15... Be6 $11) 16. h4 Bh6 (16... Bf6 $16 {is tougher.}) 17. Qxa7 $2 (17. Qb4 $18 {and White stays clearly on top. Ne7+ is the strong threat.} Kh8 18. Ne3) 17... Kh8 18. a4 {[%emt 0:00:40] aiming for Qc5.} Qe8 (18... Rc2 $16 {was worth a try.}) 19. Qc5 $18 {[%emt 0:00:13] Strongly threatening Nc7.} g6 {[%emt 0:00:35] [#]} 20. a5 $1 e4 21. Nc7 {[%emt 0:00:24] Inhibits e3.} Qa4 22. Ra1 $2 {[%emt 0:00:14] Inhibits e3.} (22. Rd4 $18 Qa2 23. Rxe4 (23. Bxe4 Bh3 $16) 23... Rxe4 24. Bxe4) 22... Qb3 (22... Qc2 $11 {and Black has nothing to worry.} 23. Qxc2 Rxc2) 23. a6 e3 $2 (23... Qc2 24. Qb6 (24. Qxc2 Rxc2 25. Bxe4 Rxc7 $18) 24... Bxa6) 24. a7 {[%emt 0:00:05] White is clearly winning.} exf2+ {[%emt 0:00:08] [#]} 25. Kh2 $1 ({Stronger than} 25. Rxf2 Rxf2 26. Qxf2 (26. a8=R $2 {too greedy.} Rc2 $19) (26. a8=Q $2 {perishes.} Rxg2+ 27. Qxg2 Be3+ $19) 26... Be3 $17) 25... Re3 26. a8=Q Rxg3 27. Qe5+ Bg7 28. Qxg3 Qb4 29. Nd5 Qd4 {[%emt 0:00:03] Weighted Error Value: White=0.37/Black=0.78} 1-0

[Event "4th Tata Steel India Blitz Open 2022"]
[Site "Kolkota"]
[Date "2022.12.03"]
[Round "6.1"]
[White "Abdusattorov, Nodirbek"]
[Black "Rameshbabu, Praggnanandhaa"]
[Result "0-1"]
[ECO "C84"]
[WhiteElo "2713"]
[BlackElo "2678"]
[Annotator "TA"]
[PlyCount "114"]
[EventDate "2022.11.29"]
[EventType "tourn"]
[EventCountry "IND"]
[SourceTitle "playchess.com"]
[Source "ChessBase"]
[SourceQuality "1"]
[TimeControl "180+2"]

1. e4 e5 2. Nf3 Nc6 3. Bb5 a6 4. Ba4 Nf6 5. O-O b5 6. Bb3 Bb7 7. d3 Bc5 8. Nc3 O-O 9. Bg5 h6 10. Bh4 Be7 11. a4 b4 12. Bxf6 Bxf6 13. Nd5 {[%emt 0:00:01] C84: Closed Ruy Lopez: Unusual White 6th moves.} Na5 {[%emt 0:00:14] [#]} 14. Nxb4 $146 ({Predecessor:} 14. Nxf6+ Qxf6 15. Ba2 Rad8 16. Qd2 c5 17. Qe3 Qe7 18. Rae1 Bc6 19. Nd2 Bxa4 20. Rc1 Rb8 {½-½ (35) Krzyzanowski,W (2405)-Van Tricht,M (2348) ICCF email 2012}) 14... Nxb3 15. cxb3 {[%emt 0:00:02] The position is equal.} Rb8 16. Nd2 a5 17. Nc2 Ba6 18. Ne1 c6 {[%emt 0:00:13][%mdl 1024] Black has compensation.} 19. Qc2 Qb6 20. Nef3 Qc7 21. Rfe1 Rb4 22. Rac1 Rfb8 23. h4 Qd6 (23... Rc8 $11) 24. Re3 ({White should try} 24. d4 $1 $14) 24... Bd8 $11 25. Nc4 {[%emt 0:00:04] Against Bb6} Qe7 26. d4 (26. Nfd2 $1 $15) 26... Bxc4 $19 27. bxc4 Rxb2 28. Qd3 exd4 29. Qxd4 d6 $2 (29... R8b4 $19 {...Bb6 is the strong threat.} 30. Qc3 Ra2) 30. c5 {[%emt 0:00:01] [#] Against Bb6} (30. e5 $1 $11 Bc7 31. g3) 30... dxc5 $1 $17 31. Qe5 (31. Qd3 $17) 31... Qxe5 $19 32. Nxe5 Bxh4 33. Rf3 (33. Rf1 $142) 33... Rb1 34. Rfc3 {[%emt 0:00:03] [#]} (34. Rxb1 Rxb1+ 35. Kh2) 34... Bf6 35. f4 Bxe5 36. fxe5 Rxc1+ 37. Rxc1 {[%emt 0:00:01][%mdl 4096] Endgame KR-KR} Rb4 38. Rxc5 Rxa4 ({Worse is} 38... Rxe4 39. Rxa5 Kf8 40. Kf2 $17) 39. Rxc6 $2 (39. Kf2) 39... Rxe4 40. Rc5 a4 41. Ra5 a3 42. Rxa3 Rxe5 43. Ra7 g6 44. Kf2 Kg7 45. g3 h5 46. Kf3 g5 47. Ra6 f6 48. Ra8 Re7 49. Rb8 Ra7 50. Rc8 Ra4 51. Kg2 h4 52. gxh4 Rxh4 53. Rc5 {[%emt 0:00:01] Against f5. Black mates.} Kg6 54. Kf3 Ra4 55. Rb5 Ra6 56. Kg4 f5+ 57. Kg3 Re6 {[%emt 0:00:01] Weighted Error Value: White=0.70/Black=0.11 (very precise)} 0-1

[Event "4th Tata Steel India Blitz Open 2022"]
[Site "Kolkota"]
[Date "2022.12.03"]
[Round "6.5"]
[White "Nakamura, Hikaru"]
[Black "Maghsoodloo, Parham"]
[Result "1-0"]
[ECO "A04"]
[WhiteElo "2768"]
[BlackElo "2720"]
[Annotator "TA"]
[PlyCount "133"]
[EventDate "2022.11.29"]
[EventType "tourn"]
[EventCountry "IND"]
[SourceTitle "playchess.com"]
[Source "ChessBase"]
[SourceQuality "1"]
[TimeControl "180+2"]

1. Nf3 c5 2. g3 (2. e3 Nf6 3. b3 b6 4. Bb2 Bb7 5. g3 e6 6. Bg2 Be7 7. O-O O-O 8. Qe2 Qc7 9. c4 Nc6 10. Nc3 Rad8 11. Rfd1 Rfe8 12. Rac1 Qb8 13. d4 cxd4 14. Nxd4 Rc8 15. Qf1 Red8 16. Rd2 h5 {1-0 (35) Nakamura,H (2768)-Maghsoodloo,P (2701) Chess.com INT 2022}) 2... Nc6 3. d4 d5 4. e3 Nf6 5. Bg2 cxd4 6. exd4 {[%emt 0:00:07] A04: Unusual lines after 1 Nf3 and King's Indian Attack.} Bf5 7. O-O e6 8. c3 {[%emt 0:00:17] The position is equal.} Bd6 9. Re1 O-O 10. Nbd2 {[%emt 0:00:07] [#]} b5 $146 ({Predecessor:} 10... Qc7 11. Nf1 h6 12. Nh4 Bh7 13. f4 b5 14. Ne3 Ne7 15. Rf1 Rab8 16. f5 b4 {0-1 (35) Raguz,I (1706)-Cvitan,E (2009) Biograd 2018}) 11. Nb3 h6 12. Ne5 Qc7 13. Bf4 a5 14. a4 (14. Nxc6 {simplifies} Qxc6 15. Bxd6 Qxd6 16. Qd2) 14... b4 (14... bxa4 $15 {keeps the upper hand.} 15. Nxc6 (15. Rxa4 g5 $11) 15... Qxc6 16. Bxd6 Qxd6) 15. Rc1 $16 {[%emt 0:00:05] White is more active.} Qb7 (15... bxc3 $16 16. Rxc3 Bxe5 17. dxe5 (17. Bxe5 Qb6 $14) 17... Ne4) 16. c4 (16. Nxc6 $18 {and the rest is easy.} Qxc6 17. cxb4) 16... Rfc8 17. Nxc6 Rxc6 18. Bxd6 Rxd6 19. c5 Rdd8 20. Qe2 Qc7 21. Qb5 (21. Bf1 $16) 21... Rdb8 $11 22. Qe2 Qc6 (22... Rd8 $1 $11) 23. Ra1 $14 Be4 24. Bf1 Nd7 25. f3 (25. Qe3 {looks sharper.} Rc8 26. Bb5 Qc7 27. f3) 25... Bg6 26. Qd2 Rb7 27. Rec1 {[%emt 0:00:05] Threatens to win with Bb5.} (27. Bb5 {with more complications.} Rxb5 28. axb5 Qxb5 29. c6) 27... Nb8 28. Bb5 (28. Qf4 $14) 28... Rxb5 $1 $11 29. axb5 Qxb5 30. c6 Nxc6 31. Rc5 {[%emt 0:00:01] Prevents a4.} Qb6 32. Rac1 {[%emt 0:00:00] Prevents a4.} Ne7 33. Qe2 (33. Qf4 $15) 33... a4 $17 34. Rb5 Qa7 (34... Qd8 $17 35. Nc5 a3 36. bxa3 bxa3) 35. Nc5 $11 {[%emt 0:00:01] Black must now prevent Rb7.} Nc6 $2 {[%emt 0:00:01] [#]} (35... Nf5 $11 {and Black stays safe.} 36. Rb7 (36. Rxb4 a3 $11) 36... Qa5) 36. Rb7 $1 $18 Qa5 (36... Nxd4 $2 37. Qf2 $18) 37. Nxe6 a3 $2 (37... Nd8 38. Nxd8 Qxd8) 38. bxa3 $2 (38. Rxc6 $18 {[%cal Oe2e5] Qe5! would kill now.} Bf5 {[#]} 39. Nxg7 $1 (39. Rc5 a2 $14) 39... axb2 40. Qxb2 (40. Nxf5 $2 b1=Q+ 41. Kg2 Qxf5 $19) 40... Kxg7 41. Rxb4) 38... bxa3 $17 39. Rb5 $2 (39. Rxc6 $2 a2 40. Rc1 a1=Q 41. Rxa1 Qxa1+ 42. Kg2 Bf5 $19) (39. Rc7 $17 a2 40. Ra1) 39... Qa7 (39... Qa6 40. Nc7 Qa7 41. Nxa8 (41. Rxc6 $2 a2 $19) 41... Nxd4 42. Qe8+ Kh7 43. Rb8 (43. Rxd5 $2 a2 $19) 43... Nc6+ 44. Rb6 $11) 40. Rbc5 {[%emt 0:00:06] Inhibits a2.} (40. Rxc6 $2 a2 41. Rc1 a1=Q 42. Rxa1 Qxa1+ 43. Qf1 Qxf1+ 44. Kxf1 Bd3+ 45. Ke1 Bxb5 $19) 40... a2 $1 41. Ra1 Nxd4 (41... Qa4 $19 42. Kh1 Kh8) 42. Qxa2 $1 $15 Qxa2 (42... Nxf3+ $5 43. Kh1 Qxa2 44. Rxa2 Rb8 $15) 43. Rxa2 Nxf3+ (43... Rxa2 $2 44. Rc8+ Kh7 45. Nf8+ Kh8 46. Nxg6+ Kh7 47. Nf8+ Kh8 48. Ne6+ Kh7 49. Nxd4 $18) 44. Kh1 $1 Rb8 45. Rb2 Re8 (45... Rxb2 46. Rc8+ Kh7 47. Nf8+ Kh8 48. Ne6+ Kh7 49. Nf8+ Kh8 50. Ne6+ Kh7 $11) 46. Nf4 Be4 47. Kg2 ({But not} 47. Nxd5 Ne5+ 48. Kg1 Nd3 $17) 47... g5 ({Better is} 47... Kh7 $15) 48. Nxd5 $11 Kg7 {[%emt 0:00:02] Against Nf6. ...Ne5+ is the strong threat.} 49. Nc7 Rd8 (49... Re7 $11) 50. Kf2 $16 Nxh2 $2 (50... Kh7 $14) 51. Ke3 $1 $18 {[%emt 0:00:00][%csl LRe4,LRh2][%mdl 64] Discovered Attack} Nf1+ $2 (51... Bg6) 52. Kxe4 Nxg3+ 53. Kf3 Rd3+ 54. Kg2 {[%emt 0:00:01] Hoping for Ne8+.} Ne4 (54... Nh5 {keeps fighting.} 55. Ne8+ Kh7) 55. Ne8+ Kg6 56. Rb6+ f6 57. Rcc6 (57. Rc4 $18) 57... Rg3+ $2 (57... g4 $16 {is more resistant.} 58. Re6 (58. Nxf6 Rg3+ 59. Kh1 Rh3+ 60. Kg2 Rg3+ 61. Kh2 Rh3+ 62. Kg2 Rg3+ $11) 58... Rg3+ 59. Kf1 Re3) 58. Kf1 $2 (58. Kh2 {[%cal Rc6f6] aiming for Rxf6+.} Rf3 59. Rc4 Rf2+ 60. Kg1) 58... h5 $2 (58... Rf3+ 59. Ke2 g4) 59. Ke2 ({Worse is} 59. Nxf6 Rf3+ 60. Ke2 Rxf6 $11) 59... Nc3+ 60. Kf2 (60. Ke1 $142 Nd5 61. Nxf6 Nxb6 62. Ne4+ (62. Rxb6 Kf5 $11) 62... Kf7 63. Nxg3) 60... Ne4+ 61. Ke2 $2 (61. Ke1 Rf3 62. Ke2) 61... Nc3+ 62. Kf1 $2 (62. Ke1 Rf3 63. Nxf6) 62... Ne4 $1 63. Re6 ({Inferior is} 63. Nxf6 Rf3+ 64. Kg2 Rxf6 $11) (63. Ke1 $18 Re3+ 64. Kd1) 63... Rf3+ $2 (63... Re3 $16) 64. Ke2 Rf4 65. Ke3 h4 66. Rxe4 Rf1 {[%emt 0:00:04] [#]} 67. Rxf6+ $1 {[%emt 0:00:02] Both players deserved the win here.   Weighted Error Value: White=0.44/Black=0.69} 1-0

[Event "4th Tata Steel India Blitz Open 2022"]
[Site "Kolkota"]
[Date "2022.12.03"]
[Round "7.3"]
[White "Maghsoodloo, Parham"]
[Black "Erigaisi Arjun"]
[Result "0-1"]
[ECO "D31"]
[WhiteElo "2720"]
[BlackElo "2718"]
[Annotator "TA"]
[PlyCount "90"]
[EventDate "2022.11.29"]
[EventType "tourn"]
[EventCountry "IND"]
[SourceTitle "playchess.com"]
[Source "ChessBase"]
[SourceQuality "1"]
[TimeControl "180+2"]

1. d4 d5 2. c4 e6 3. Nc3 c6 4. e3 Nf6 5. b3 Bb4 6. Bb2 Ne4 {[%emt 0:00:03] D31: Queen's Gambit Declined: Semi-Slav without ...Nf6 (+ Marshall Gambit and Noteboom) and Exchange Variation lines without ...Nf6.} 7. Qc2 (7. Nge2 {simplifies} dxc4 8. Qc2 Nxc3 9. Nxc3 cxb3 10. axb3 Nd7 11. Be2) 7... f5 $5 {[%emt 0:00:16][%mdl 4] Leaves trodden paths.} 8. Bd3 Qg5 {[%emt 0:00:11] White has an edge.} 9. f4 {[%emt 0:00:12] [#]} Qh4+ $5 $146 {[%emt 0:00:23][%mdl 8] New and interesting.} ({Predecessor:} 9... Qe7 10. Nf3 O-O 11. O-O Nd7 12. a3 Bd6 13. g4 fxg4 14. Ne5 Nef6 15. Qg2 c5 {1-0 (37) Akshayraj,K (2454)-Zinchenko,Y (2544) Rethymno 2012}) 10. g3 Qh5 11. Be2 Qh6 12. Bf3 Nd7 13. Nge2 Ndf6 (13... O-O {looks sharper.} 14. O-O b6 15. a3 Be7) 14. a3 Bd6 15. h3 g5 16. O-O-O (16. Bxe4 $11 Nxe4 17. Nxe4 fxe4 18. Kd2) 16... Nf2 $1 $17 17. Kb1 Bd7 18. Bc1 {[%emt 0:00:04] [#] And now fxg5 would win.} gxf4 19. exf4 Nxd1 20. Nxd1 Qg6 21. Nf2 Ne4 22. Nd3 h5 {[%emt 0:00:07] Inhibits g4.} ({Don't play} 22... Nxg3 23. Rg1 $18) 23. Ne5 Qg7 24. Rg1 O-O-O 25. c5 Bc7 26. b4 Rdg8 27. h4 Be8 28. Be3 Rh7 29. Kb2 Qf8 30. Bd2 Rhg7 31. Be1 Bd8 32. Rh1 Nxg3 ({Black should try} 32... Qe7 $19 33. Qa4 Kb8) 33. Nxg3 Rxg3 34. Bxg3 Rxg3 35. Qf2 Rg8 (35... Qg7 {is interesting.} 36. Kb3 Bf6 37. Kb2 Kb8) 36. Bd1 ({Better is} 36. Rh2 $15) 36... Qh6 37. Qe3 Rg2+ 38. Kb3 Qg7 39. Nf3 (39. Bf3 $15 Rg3 40. Qf2) 39... Qg3 40. Qxe6+ Bd7 41. Qe3 Bc7 42. Rg1 Rxg1 {[%emt 0:00:03] Black has more active pieces.} (42... Qxf4 $2 43. Qxf4 Rxg1 44. Qh6 $18) 43. Qxg1 Qxf4 44. Qg8+ Bd8 {[%emt 0:00:01] [#] Strongly threatening ...Qc1.} 45. Qg5 $2 Bxg5 {[%emt 0:00:03] Weighted Error Value: White=0.23 (precise) /Black=0.10 (very precise)} 0-1